 Dungeon Crawl Stone Soup version 0.20.1-1-g8b1a95d (webtiles) character file.

865 dvd the Changer (level 7, -2/36 HPs)
             Began as a Felid Transmuter on Oct 6, 2017.
             Was a Follower of Qazlal.
             Slain by an orc warrior
             ... wielding a +3 glaive
              (22 damage)
             ... on level 6 of the Dungeon.
             The game lasted 00:22:18 (7785 turns).

dvd the Changer (Felid Transmuter)                  Turns: 7785, Time: 00:22:19

Health: -2/36      AC:  6    Str:  6    XL:     7   Next: 72%
Magic:  12/14      EV: 12    Int: 18    God:    Qazlal [*.....]
Gold:   155        SH:  5    Dex: 17    Spells: 0/14 levels left
                                        Lives:  0   Deaths: 2

rFire    x . .     SeeInvis +     - Unarmed
rCold    + + +     Gourm    .   (shield unavailable)
rNeg     . . .     Faith    .   (armour unavailable)
rPois    +         Spirit   .   (helmet unavailable)
rElec    .         Reflect  +   (cloak unavailable)
rCorr    .         Harm     .   (gloves unavailable)
MR       +....                  (boots unavailable)
Stlth    ++........             g - +3 amulet of reflection
Regen    0.2/turn               v - +2 ring of intelligence
MPRegen  0.2/turn               (no ring)

@: ice-form
A: no armour, no weapons or thrown items, stealth, see invisible, carnivore 3,
mutation resistance 1, slow metabolism 1
a: End Transformation, Renounce Religion


You were on level 6 of the Dungeon.
You worshipped Qazlal.
Qazlal was aware of your devotion.
You were full.
You were a creature of crystalline ice.
You visited 2 branches of the dungeon, and saw 7 of its levels.

You collected 155 gold pieces.

Inventory:

Missiles
 a - 66 arrows
Jewellery
 g - a +3 amulet of reflection (around neck)
 v - a +2 ring of intelligence (left front paw)
Wands
 f - a wand of iceblast (8/15)
 n - a wand of paralysis (10/24)
 o - a wand of paralysis (17/24)
Scrolls
 e - 2 scrolls of remove curse
 h - 7 scrolls of identify
 j - a scroll of teleportation
 k - a scroll of magic mapping {unknown}
 m - a scroll of acquirement {unknown}
Potions
 d - a potion of berserk rage {unknown}
 p - a potion of invisibility {unknown}
Books
 b - a book of Changes

   Spells                             Type                      Level
   a - Beastly Appendage              Transmutation                1
   b - Sticks to Snakes               Transmutation                2
   c - Spider Form                    Transmutation/Poison         3
   d - Ice Form                       Ice/Transmutation            4
   e - Blade Hands                    Transmutation                5
 l - a book of Maledictions

   Spells                             Type                      Level
   a - Corona                         Hexes                        1
   b - Ensorcelled Hibernation        Hexes/Ice                    2
   c - Confuse                        Hexes                        3
   d - Tukima's Dance                 Hexes                        3
   e - Dazzling Spray                 Conjuration/Hexes            3
Comestibles
 c - 4 meat rations
 i - 2 royal jellies


   Skills:
 + Level 2.1 Fighting
 + Level 4.2 Dodging
 + Level 2.3 Stealth
 + Level 5.9 Unarmed Combat
 + Level 4.2 Spellcasting
 + Level 1.3 Hexes
 * Level 6.5 Transmutations
 * Level 3.3 Ice Magic
 - Level 0.6 Poison Magic
 + Level 0.9 Evocations


You couldn't memorise any spells.
You knew the following spells:

 Your Spells              Type           Power        Failure   Level  Hunger
a - Confuse               Hex            #.......     26%         3    ###....
b - Spider Form           Tmut/Pois      ###.......   10%         3    ###....
c - Sticks to Snakes      Tmut           ####....     1%          2    ##.....
d - Ice Form              Ice/Tmut       ###.....     19%         4    ####...
e - Ensorcelled Hibernat  Hex/Ice        ##....       9%          2    ##.....


Dungeon Overview and Level Annotations

Branches:
Dungeon (6/15)             Temple (1/1) D:4

Altars:
Ashenzari
Dithmenos
Elyvilon
Fedhas
Gozag
Hepliaklqana
Makhleb
Okawaru
Qazlal
Ru
Sif Muna
Uskayaw
Vehumet
Xom
Yredelemnul
Zin
The Shining One

Annotations:
D:4 Feta's ghost, amateur FoFi


Innate Abilities, Weirdness & Mutations

You cannot wear armour.
You are incapable of wielding weapons or throwing items.
Your paws allow you to move quietly. (Stealth)
((You have sharp claws.))
((You have razor-sharp teeth.))
You have supernaturally acute eyesight. (SInv)
You are carnivorous and can eat meat at any time.
((You cover ground quickly.))
((You are covered in thick fur. (AC +2)))
You have a slow metabolism.
((Your sharp claws are effective at attacking unaware monsters.))
You are somewhat resistant to further mutation.


Message History

You hear a shout!
You punch the adder!
The adder seems to slow down.
You freeze the adder.
You kill the adder!
Qazlal accepts your kill. You block the orc's attack.
The orc warrior misses you. The orc wizard completely misses you.
You punch the orc priest! You freeze the orc priest.
The orc priest is almost dead.
The orc barely misses you. The orc wizard closely misses you.
You barely miss the orc priest.
The orc priest is almost dead.
The orc warrior hits you from afar with an enchanted glaive.
The orc hits you with a hand axe.
You hit the orc priest but do no damage.
The orc priest is almost dead.
The orc wizard hits you but does no damage.
The orc priest barely misses you.
The orc warrior hits you from afar with an enchanted glaive!!
Ouch! That really hurt!
You die...

#.##.!.......'.......
#..........###......#
#.......##.# #......#
#.....#.##.###......#
#...o.#.##.##.....###
#.....#.##.##.....# #
#..o..#)##.##.....# #
#..ooo+....##.....# #
#..§Yo#.#####.....# #
#..o..#.# #.....#
####### #.....#
+......


You could see an orc warrior, 2 orc priests, an orc wizard and 3 orcs.

Vanquished Creatures
  Sigmund (D:2)
  An ice beast (D:5)
  2 phantoms
  A centaur (D:5)
  An ogre (D:4)
  3 scorpions (D:5)
  A jelly (D:5)
  A howler monkey (D:4)
  2 crimson imps (D:5)
  Crazy Yiuf (D:2)
  2 centaur skeletons
  An orc wizard (D:3)
  Jessica (D:2)
  A bullfrog skeleton (D:5)
  4 worker ants
  A killer bee zombie (D:5)
  A hound skeleton (D:4)
  Robin (D:4)
  6 gnolls
  9 adders
  2 oozes
  An adder skeleton (D:4)
  2 worms (D:2)
  2 dart slugs
  2 leopard geckos (D:1)
  11 orcs
  2 ball pythons
  3 giant cockroaches (D:2)
  16 goblins
  11 hobgoblins
  7 jackals
  2 quokkas (D:2)
  4 bats (D:2)
  4 frilled lizards
  5 kobolds
  8 rats
123 creatures vanquished.

Vanquished Creatures (collateral kills)
  A giant cockroach (D:2)
  A goblin (D:2)
  A hobgoblin (D:2)
  A frilled lizard (D:2)
  A rat (D:2)
5 creatures vanquished.

Vanquished Creatures (others)
  A centaur (D:5)
  2 adders (D:5)
  A hobgoblin (D:1)
4 creatures vanquished.

Grand Total: 132 creatures vanquished

Notes
Turn   | Place    | Note
-------+----------+-------------------------------------------
     0 | D:1      | dvd the Felid Transmuter began the quest for the Orb.
     0 | D:1      | Reached XP level 1. HP: 9/9 MP: 4/4
   121 | D:1      | Reached XP level 2. HP: 11/12 MP: 4/6
   880 | D:2      | Reached XP level 3. HP: 8/15 MP: 5/7
  1197 | D:1      | Learned a level 3 spell: Spider Form
  1273 | D:2      | Found a runed door.
  1367 | D:2      | Learned a level 2 spell: Sticks to Snakes
  1385 | D:2      | Reached skill level 3 in Transmutations
  1460 | D:2      | Noticed Sigmund
  1538 | D:2      | Killed Sigmund
  1538 | D:2      | Reached skill level 4 in Transmutations
  1538 | D:2      | Reached XP level 4. HP: 19/19 MP: 3/9
  1538 | D:2      | Reached XP level 5. HP: 22/22 MP: 3/10
  1904 | D:2      | Noticed Jessica
  1916 | D:2      | Killed Jessica
  2456 | D:2      | Gained mutation: You are covered in thick fur. (AC +2) [Felid growth]
  2456 | D:2      | Reached XP level 6. HP: 24/25 MP: 11/11
  2461 | D:2      | Reached skill level 1 in Stealth
  2477 | D:2      | Learned a level 4 spell: Ice Form
  2637 | D:3      | Found a faded altar of an unknown god.
  3174 | D:3      | Slain by an orc wizard
  3175 | D:3      | Reached XP level 5. HP: 0/22 MP: 8/10
  3820 | D:4      | Noticed Feta's ghost (amateur FoFi)
  3986 | D:2      | Noticed Crazy Yiuf
  3995 | D:2      | Killed Crazy Yiuf
  3995 | D:2      | Reached XP level 6. HP: 4/25 MP: 9/12
  4298 | D:4      | Found a staircase to the Ecumenical Temple.
  4315 | Temple   | Entered the Ecumenical Temple
  4326 | Temple   | Became a worshipper of Qazlal Stormbringer
  4524 | D:4      | Noticed Robin
  5030 | D:4      | Reached skill level 5 in Unarmed Combat
  5030 | D:4      | Reached skill level 5 in Transmutations
  5058 | D:5      | Entered Level 5 of the Dungeon
  5527 | D:5      | Reached skill level 1 in Ice Magic
  5534 | D:5      | Gained mutation: You are somewhat resistant to further mutation. [potion of mutation]
  5657 | D:5      | Reached XP level 7. HP: 17/29 MP: 6/13
  5774 | D:5      | Found a white marble altar of Elyvilon.
  5807 | D:5      | Found a shimmering altar of Xom.
  5936 | D:5      | Reached skill level 6 in Transmutations
  5940 | D:5      | Found a basalt altar of Yredelemnul.
  5971 | D:5      | Learned a level 2 spell: Ensorcelled Hibernation
  6031 | D:5      | Slain by a centaur
  6032 | D:5      | Reached XP level 6. HP: -1/31 MP: 11/12
  6042 | D:5      | Reached XP level 7. HP: 15/30 MP: 6/13
  6413 | D:4      | Reached * piety under Qazlal
  6417 | D:4      | Killed Robin
  6602 | D:4      | Learned a level 3 spell: Confuse
  6770 | D:4      | Reached skill level 1 in Hexes
  7785 | D:6      | Slain by an orc warrior

Skill      XL: |  1  2  3  4  5  6  7 |
---------------+----------------------+-----
Dodging        | 3 4 |  4.2
Transmutations | 4 5 6 |  6.5
Unarmed Combat | 4 5 |  5.9
Spellcasting   | 3 4 |  4.2
Stealth        | 1 2 |  2.3
Ice Magic      | 1 3 |  3.3
Fighting       | 2 |  2.1
Hexes          | 1 |  1.3
Poison Magic   | |  0.6
Evocations     | |  0.9

Action                   |  1- 3 |  4- 6 |  7- 9 || total
-------------------------+-------+-------+-------++-------
Melee: Unarmed           |   102 |   192 |   101 ||   395
       Headbutt          |    12 |    12 |       ||    24
       Bite              |     5 |    12 |       ||    17
       Punch             |     1 |     1 |     1 ||     3
 Cast: Beastly Appendage |    23 |    25 |       ||    48
       Sticks to Snakes  |     2 |       |       ||     2
       Spider Form       |     1 |    15 |       ||    16
       Ensorcelled Hiber |       |     2 |    10 ||    12
       Ice Form          |       |     1 |    11 ||    12
       Confuse           |       |       |     1 ||     1
 Abil: End Transformatio |       |     1 |       ||     1
Evoke: Wand              |       |     2 |       ||     2
  Use: Potion            |     1 |     8 |     1 ||    10
       Scroll            |       |     1 |     7 ||     8
 Stab: Sleeping          |     1 |     4 |     4 ||     9
       Distracted        |       |       |     1 ||     1
  Eat: Chunk             |     9 |    13 |    11 ||    33
Armor: Skin              |     7 |     5 |    24 ||    36
Dodge: Dodged            |    64 |   122 |    54 ||   240
Block: Other             |     8 |    15 |    20 ||    43
       Reflection        |       |     2 |       ||     2
